 Dungeon Crawl Stone Soup version 0.28.0-53-g5a82cb258f (webtiles) character file.

Game seed: 7043843701696419943

84 Descartes the Covert (level 4, 0/21 HPs)
             Began as a Felid Delver on Aug 3, 2022.
             Was an Initiate of Dithmenos.
             Slain by an adder (2 damage)
             ... on level 2 of the Dungeon.
             The game lasted 00:06:20 (2959 turns).

Descartes the Covert (Felid Delver)                 Turns: 2959, Time: 00:06:21

Health: 0/21       AC:  1    Str: 10    XL:     4   Next: 24%
Magic:  5/5        EV: 17    Int: 11    God:    Dithmenos [......]
Gold:   191        SH:  0    Dex: 17    Spells: 3/3 levels left
                                        Lives:  0   Deaths: 1

rFire   . . .      SeeInvis +     - Unarmed
rCold   . . .      Faith    .   (shield unavailable)
rNeg    . . .      Spirit   .   (armour unavailable)
rPois   .          Reflect  .   (helmet unavailable)
rElec   .          Harm     .   (cloak unavailable)
rCorr   .          Rampage  .   (gloves unavailable)
Will    .....                   (boots unavailable)
Stlth   ++++......              (no amulet)
HPRegen 0.07/turn               (no ring)
MPRegen 0.09/turn               (no ring)

@: lethally poisoned (0 -> -3), quick
A: very small, claws 1, fangs 3, see invisible, speed 1, shaggy fur 1, stealthy
paws, no weapons or thrown items, no armour, multi-lived
a: Renounce Religion


You were on level 2 of the Dungeon.
You worshipped Dithmenos.
Dithmenos was noncommittal.
You visited 1 branch of the dungeon, and saw 4 of its levels.

You collected 191 gold pieces.

Inventory:

Wands
 e - a wand of digging (3)
Scrolls
 a - a scroll of fog
 b - a scroll of magic mapping
 c - a scroll of fear
 g - 3 scrolls of teleportation {unknown}
 i - a scroll of enchant armour {unknown}
 j - 2 scrolls of identify {unknown}
 k - a scroll of noise {unknown}
Potions
 d - a potion of haste
 f - a potion of degeneration {unknown}
 h - 2 potions of curing {unknown}


   Skills:
 - Level 3.0 Fighting
 - Level 2.6 Dodging
 + Level 9.7 Stealth
 - Level 2.0 Unarmed Combat


You had 3 spell levels left.
You didn't know any spells.
Your spell library contained the following spells:

 Spells                   Type           Power      Damage    Failure   Level
 Foxfire                  Conj/Fire      0%         2x1d4     34%         1
 Summon Small Mammal      Summ           0%         N/A       34%         1
 Call Canine Familiar     Summ           0%         N/A       71%         3
 Conjure Flame            Conj/Fire      0%         6-21      71%         3
 Inner Flame              Hex/Fire       0%         N/A       71%         3
 Summon Guardian Golem    Hex/Summ       0%         N/A       71%         3
 Flame Wave               Conj/Fire      0%         2d4       98%         4


Dungeon Overview and Level Annotations

Branches:
Dungeon (5/15)
 Temple: D:4-7

Altars:
Dithmenos
Xom

Annotations:
D:4 1 runed translucent door


Innate Abilities, Weirdness & Mutations

You have sharp claws.
You have razor-sharp teeth.
You have supernaturally acute eyesight. (SInv)
You cover ground quickly. (Speed+)
You are covered in fur. (AC +1)
Your paws help you pounce on unaware monsters.
You are incapable of wielding weapons or throwing items.
You cannot wear armour.
You gain extra lives every three experience levels.


Message History

There is a stone staircase leading up here.
You barely miss the adder. The quokka bites you. The adder closely misses you.
The quokka misses you.
You miss the adder. The adder misses you. The quokka barely misses you.
The adder bites you.
You closely miss the adder. The adder misses you.
The quokka closely misses you.
You barely miss the adder. The adder bites you. The quokka closely misses you.
You closely miss the adder. The adder misses you. The quokka bites you.
You are too injured to fight recklessly!
You are too injured to fight recklessly!
You are too injured to fight recklessly!
You are too injured to fight recklessly!
You are too injured to fight recklessly!
You scratch the adder but do no damage. The adder closely misses you.
The quokka completely misses you. The adder bites you.
* * * LOW HITPOINT WARNING * * *
You scratch the adder.
The adder is moderately wounded.
The quokka closely misses you. The adder barely misses you.
The quokka barely misses you.
There is an open door here.
There is an open door here.
You barely miss the adder.
The adder is moderately wounded.
The adder misses you.
You scratch the adder.
The adder is heavily wounded.
The adder closely misses you.
You barely miss the adder.
The adder is heavily wounded.
The adder bites you.
* * * LOW HITPOINT WARNING * * *
You are lethally poisoned!
The adder poisons you! The adder closely misses you.
You scratch the adder.
The adder is almost dead.
* * * LOW HITPOINT WARNING * * *
You feel sick. The adder bites you.
You die...

#........'.#.....###.###.
#........#.###.#..##.##..
#........#.###.#..##.##..
#####......##.#..##.##..
#......##.#.........
#......##.##.#######
##.....##.##......#
#.....+..# ##<# #
#.@...#### #.# . ##S####
#.####. ####r# #......
#....##########.....)
#.##..........+.S.... #
#........# #......
#........# ####'#.
#........######...
+...............#.


You could see an adder and a quokka.

Vanquished Creatures
  2 hounds
  A jelly (D:4)
  A howler monkey skeleton (D:5)
  An adder (D:3)
  An ufetubus (D:5)
  A worm (D:3)
  2 orcs (D:3)
  3 ball pythons
  2 endoplasms
  A giant cockroach (D:4)
  2 goblins (D:3)
  4 jackals (D:3)
  A frilled lizard (D:3)
  3 kobolds
  2 rats
27 creatures vanquished.

Vanquished Creatures (others)
  A fungus (D:3)
  5 toadstools (D:3)
6 creatures vanquished.

Grand Total: 33 creatures vanquished

Notes
Turn   | Place    | Note
-------+----------+-------------------------------------------
     0 | D:5      | Descartes the Felid Delver began the quest for the Orb.
     0 | D:5      | Reached XP level 1. HP: 10/10 MP: 2/2
   330 | D:5      | Noticed a hound
   529 | D:5      | Killed a hound
   530 | D:5      | Reached skill level 7 in Stealth
   530 | D:5      | Reached XP level 2. HP: 3/14 MP: 3/3
   530 | D:5      | Reached XP level 3. HP: 3/17 MP: 4/4
   815 | D:5      | Reached skill level 8 in Stealth
   972 | D:5      | Noticed an ogre
  1145 | D:4      | Reached XP level 4. HP: 14/21 MP: 5/5
  1153 | D:4      | Found a runed translucent door.
  1157 | D:4      | Reached skill level 9 in Stealth
  1440 | D:4      | Killed from afar by an orc priest
  1441 | D:4      | Reached XP level 3. HP: -1/17 MP: 4/4
  1441 | D:4      | Found a shimmering altar of Xom.
  1441 | D:4      | Found a shadowy altar of Dithmenos.
  1447 | D:4      | Became a worshipper of Dithmenos the Shadowed
  1944 | D:3      | Reached XP level 4. HP: 13/21 MP: 5/5
  2959 | D:2      | Slain by an adder

Illustrated notes

Levels and vault maps discovered:
D:2:      layout_basic, basic_altar
D:3:      layout_basic, minmay_gold_behind_fungi, patterned_corridor,
          uniq_natasha
D:4:      layout_loops_cross, gammafunk_temple_overflow_pools,
          gammafunk_ghost_grave, uniq_sigmund
D:5:      wad_lake_hut, layout_basic, minmay_temple_entry_drinking_statues,
          serial_shops, kennysheep_mini, minivault_5

Skill      XL: |  1  2  3  4 |
---------------+-------------+-----
Stealth        | 7 8 9 |  9.7
Fighting       | |  3.0
Dodging        | |  2.6
Unarmed Combat | |  2.0

Action                   |  1- 3 |  4- 6 || total
-------------------------+-------+-------++-------
Melee: Unarmed           |    56 |    56 ||   112
       Bite              |     5 |     5 ||    10
       Punch             |     1 |     1 ||     2
 Stab: Sleeping          |     3 |     3 ||     6
       Distracted        |       |     1 ||     1
Armor: Skin              |     1 |     1 ||     2
Dodge: Dodged            |    57 |    52 ||   109
